 Dungeon Crawl Stone Soup version 0.21.1-1-g345015fe64 (webtiles) character file.

122 Gargoyl the Skirmisher (level 4, -1/40 HPs)
             Began as a Centaur Abyssal Knight on June 25, 2018.
             Was a Believer of Lugonu.
             Slain by loran1212's ghost (6 damage)
             ... on level 3 of the Dungeon.
             The game lasted 00:05:40 (3101 turns).

Gargoyl the Skirmisher (Centaur Abyssal Knight)     Turns: 3101, Time: 00:05:40

Health: -1/40      AC:  7    Str: 14    XL:     4   Next: 78%
Magic:  5/5        EV:  7    Int: 11    God:    Lugonu [**....]
Gold:   114        SH:  5    Dex: 10    Spells: 3/3 levels left

rFire    . . .     SeeInvis .   d - +1 hand axe (elec)
rCold    . . .     Gourm    .   (no shield)
rNeg     . . .     Faith    .   n - +0 scale mail
rPois    .         Spirit   .   k - +0 helmet
rElec    .         Reflect  +   (no cloak)
rCorr    .         Harm     .   (no gloves)
MR       .....                  (no barding)
Stlth    ..........             h - +5 amulet of reflection
HPRegen  0.13/turn              (no ring)
MPRegen  0.09/turn              (no ring)

@: very quick
A: large, hooves 3, deformed body, speed 2, tough skin 3
a: Depart the Abyss, Bend Space, Renounce Religion


You were on level 3 of the Dungeon.
You worshipped Lugonu.
Lugonu was pleased with you.
You were hungry.

You visited 1 branch of the dungeon, and saw 3 of its levels.
You visited the Abyss 1 time.

You collected 114 gold pieces.

Inventory:

Hand Weapons
 a - a +1 hand axe
 d - a +1 hand axe of electrocution (weapon)
 f - a +2 hand axe of venom
Armour
 k - a +0 helmet (worn)
 n - a +0 scale mail (worn)
Jewellery
 g - an uncursed amulet of faith {unknown}
 h - a +5 amulet of reflection (around neck)
 l - an uncursed amulet of magic regeneration {unknown}
Wands
 e - a wand of disintegration (6)
Potions
 b - a potion of heal wounds {unknown}
 p - a potion of experience {unknown}
Comestibles
 c - 8 rations


   Skills:
 + Level 4.2 Fighting
 + Level 2.6 Axes
 + Level 2.1 Armour
 + Level 1.1 Dodging
 + Level 2.2 Invocations


You had 3 spell levels left.
You didn't know any spells.

Dungeon Overview and Level Annotations

Branches:
Dungeon (3/15)

Altars:
Cheibriados
Kikubaaqudgha
Xom

Annotations:
D:3 loran1212's ghost, amateur GnSk


Innate Abilities, Weirdness & Mutations

You have hooves in place of feet.
Armour fits poorly on your strangely shaped body.
You cover ground very quickly.
You have extremely tough skin. (AC +3)


Message History

You are electrocuted!
Loran1212's ghost hits you but does no damage.
You are electrocuted!
You barely miss loran1212's ghost.
Loran1212's ghost is almost destroyed.
Loran1212's ghost hits you but does no damage.
Unknown command.
You completely miss loran1212's ghost.
Loran1212's ghost is almost destroyed.
Loran1212's ghost hits you.
You are electrocuted!
* * * LOW HITPOINT WARNING * * *
You barely miss loran1212's ghost.
You kick loran1212's ghost, but do no damage.
Loran1212's ghost is almost destroyed.
Loran1212's ghost hits you but does no damage.
Unknown command.
You closely miss loran1212's ghost.
Loran1212's ghost is almost destroyed.
Loran1212's ghost hits you.
You die...

# #.%.....#####...##..... #
#####......!..$...........
####...........###.........#
#...........#### #.........#
...........## #.........#
...#.......# #..†.....#
...##......#######........#
...##).....##.......#.#####
...≈##.....##...@W.##.#
≈..≈≈#....###......##.#
≈..≈≈#....# #......##.#
..?≈≈#....# #......##.#
###.##.##.# #. #.##.# #.
..##.# .. ##


You could see loran1212's ghost.

Vanquished Creatures
  Robin (D:2)
  2 adders (D:2)
  3 gnolls (D:3)
  A worm (D:2)
  3 dart slugs
  A leopard gecko (D:3)
  6 bats
  5 giant cockroaches
  11 goblins
  4 hobgoblins
  4 jackals (D:1)
  A quokka (D:2)
  A ball python (D:1)
  3 frilled lizards
  5 kobolds
  2 rats
53 creatures vanquished.

Notes
Turn   | Place    | Note
-------+----------+-------------------------------------------
     0 | Abyss:1  | Gargoyl the Centaur Abyssal Knight began the quest for the Orb.
     0 | Abyss:1  | Reached XP level 1. HP: 19/19 MP: 2/2
   161 | D:1      | Escaped the Abyss
   221 | D:1      | Reached XP level 2. HP: 19/26 MP: 3/3
   248 | D:1      | Reached * piety under Lugonu
   865 | D:2      | Reached XP level 3. HP: 33/33 MP: 4/4
   976 | D:2      | Noticed Robin
   987 | D:2      | Killed Robin
  1264 | D:2      | Reached ** piety under Lugonu
  1312 | D:2      | Found a shimmering altar of Xom.
  1315 | D:2      | Found a snail-covered altar of Cheibriados.
  1318 | D:2      | Found an ancient bone altar of Kikubaaqudgha.
  1395 | D:2      | Found a faded altar of an unknown god.
  1548 | D:2      | Reached skill level 4 in Fighting
  1548 | D:2      | Reached XP level 4. HP: 40/40 MP: 5/5
  2385 | D:3      | Reached skill level 1 in Dodging
  2414 | D:3      | Noticed loran1212's ghost (amateur GnSk)
  3101 | D:3      | Slain by loran1212's ghost

Skill      XL: |  1  2  3  4 |
---------------+-------------+-----
Axes           | 2 |  2.6
Fighting       | 4 |  4.2
Armour         | 2 |  2.1
Dodging        | 1 |  1.1
Invocations    | |  2.2

Action                   |  1- 3 |  4- 6 || total
-------------------------+-------+-------++-------
Melee: Hand axe          |    76 |    39 ||   115
       Kick              |    11 |     7 ||    18
Invok: Depart the Abyss  |     1 |       ||     1
Evoke: Wand              |       |     6 ||     6
  Use: Scroll            |     3 |     3 ||     6
       Potion            |       |     2 ||     2
  Eat: Chunk             |       |     4 ||     4
Armor: Leather armour    |    24 |       ||    24
       Scale mail        |     7 |    35 ||    42
Dodge: Dodged            |    44 |    34 ||    78
Block: Other             |       |     1 ||     1
